 Dungeon Crawl Stone Soup version 0.21.1-1-g345015f (webtiles) character file.

37 inc the Chopper (level 3, -2/27 HPs)
             Began as a Demonspawn Gladiator on June 16, 2018.
             Was a Believer of Lugonu.
             Killed from afar by an orc wizard (9 damage)
             ... with a puff of flame
             ... on level 2 of the Dungeon.
             The game lasted 00:01:25 (888 turns).

inc the Chopper (Demonspawn Gladiator)               Turns: 888, Time: 00:01:25

Health: -2/27      AC:  6    Str: 14    XL:     3   Next: 23%
Magic:  12/12      EV: 12    Int: 10    God:    Lugonu [**....]
Gold:   36         SH:  0    Dex: 14    Spells: 2/2 levels left

rFire    . . .     SeeInvis .   a - +0 war axe
rCold    . . .     Gourm    .   (no shield)
rNeg     . . .     Faith    .   b - +0 leather armour
rPois    .         Spirit   .   c - +0 helmet
rElec    .         Reflect  .   (no cloak)
rCorr    .         Harm     .   (no gloves)
MR       .....                  (no boots)
Stlth    +.........             (no amulet)
HPRegen  0.09/turn              p - ring of magical power
MPRegen  0.13/turn              (no ring)

@: no status effects
A: hooves 1, iridescent scales 1
a: Depart the Abyss, Bend Space, Renounce Religion


You were on level 2 of the Dungeon.
You worshipped Lugonu.
Lugonu was pleased with you.
You were not hungry.

You visited 1 branch of the dungeon, and saw 2 of its levels.

You collected 36 gold pieces.

Inventory:

Hand Weapons
 a - a +0 war axe (weapon)
Missiles
 d - 3 throwing nets (quivered)
Armour
 b - a +0 leather armour (worn)
 c - a +0 helmet (worn)
Jewellery
 o - an uncursed ring of ice
 p - a ring of magical power (left hand)
Wands
 q - a wand of iceblast (7)
Scrolls
 e - a scroll of fog {unknown}
 h - a scroll of remove curse {unknown}
 i - a scroll of magic mapping {unknown}
 l - a scroll of enchant armour {unknown}
 m - 2 scrolls of identify {unknown}
 n - a scroll of random uselessness {unknown}
Potions
 g - a potion of lignification {unknown}
 j - a potion of heal wounds {unknown}
 k - a potion of curing {unknown}
 r - a potion of degeneration {unknown}
 s - a potion of berserk rage {unknown}
Comestibles
 f - 2 rations


   Skills:
 + Level 2.2 Fighting
 - Level 3.8 Axes
 - Level 1.7 Throwing
 - Level 2.6 Dodging


You had 2 spell levels left.
You didn't know any spells.

Dungeon Overview and Level Annotations

Branches:
Dungeon (2/15)

Altars:
Lugonu


Innate Abilities, Weirdness & Mutations

You have large cloven feet.
You are partially covered in iridescent scales. (AC +2)


Message History

The orc wizard points at you and mumbles some strange words.
The magic dart hits you!
The orc wizard gestures wildly while chanting.
The orc wizard seems to speed up.
You closely miss the orc priest.
The orc priest is moderately wounded.
You hit the orc wizard.
The orc wizard points at you and mumbles some strange words.
The magic dart hits you! The orc wizard closely misses you.
The orc priest hits you with a hand axe.
The orc wizard casts a spell at you. The magic dart hits you!
* * * LOW HITPOINT WARNING * * *
Unknown command.
You hit the orc priest but do no damage.
The orc priest is moderately wounded.
You hit the orc wizard.
The orc wizard points at you and mumbles some strange words.
The puff of flame hits you!
You die...

#.# #.# #####.# #.# #..
......######>########.#
####................#.#
###...######.######.#.#
##.....## #.# #.#.#
#.......####.# #.#.#
#....†.....>.######.#.#
#.......###.o.o.@.....#######..
............o..oo...#.†.†......
.##.......#.####.......######.#
......♣...#.# #.#####.#
.....♣.♣..#.####.# #.#
..#.♣._.♣.#......# #.#
.....♣.♣......##.# #.#
.##...♣....##. #.# #.#
.##.......## . ..#


You could see an orc priest, 2 orc wizards and 2 orcs.

Vanquished Creatures
  An ooze (D:2)
  A worm (D:2)
  2 dart slugs (D:1)
  A leopard gecko (D:2)
  A giant cockroach (D:1)
  2 goblins (D:1)
  5 hobgoblins
  2 ball pythons (D:1)
  5 bats
  4 frilled lizards
  A kobold (D:1)
  2 rats
27 creatures vanquished.

Notes
Turn   | Place    | Note
-------+----------+-------------------------------------------
     0 | D:1      | inc the Demonspawn Gladiator began the quest for the Orb.
     0 | D:1      | Reached XP level 1. HP: 16/16 MP: 1/1
    45 | D:1      | Reached skill level 3 in Axes
    52 | D:1      | Gained mutation: You have large cloven feet. [demonic ancestry]
    52 | D:1      | Reached XP level 2. HP: 22/22 MP: 2/2
   609 | D:2      | Found a faded altar of an unknown god.
   664 | D:2      | Gained mutation: You are partially covered in iridescent scales. (AC +2) [demonic ancestry]
   664 | D:2      | Reached XP level 3. HP: 23/27 MP: 3/3
   673 | D:2      | Became a worshipper of Lugonu the Unformed
   673 | D:2      | Reached * piety under Lugonu
   673 | D:2      | Reached ** piety under Lugonu
   888 | D:2      | Killed from afar by an orc wizard

Skill      XL: |  1 |
---------------+----+-----
Axes           | 3 |  3.8
Fighting       | |  2.2
Throwing       | |  1.7
Dodging        | |  2.6

Action                   || total
-------------------------++-------
Melee: War axe           ||   105
       Kick              ||    19
Armor: Leather armour    ||    51
Dodge: Dodged            ||    86
